 Dungeon Crawl Stone Soup version 0.15.2 (webtiles) character file.

380 ztt the Ruffian (level 6, -1/61 HPs)
             Began as a Troll Berserker on Nov 14, 2014.
             Was a Priest of Trog.
             Slain by a killer bee (3 damage)
             ... on Level 7 of the Dungeon.
             The game lasted 00:04:30 (878 turns).

ztt the Ruffian (Troll Berserker)                    Turns: 878, Time: 00:04:30

HP  -1/61        AC  5     Str 28      XL: 6   Next: 46%
MP   3/3         EV 11     Int  3      God: Trog [***...]
Gold 70          SH  0     Dex  9      Spells:  0 memorised,  5 levels left

rFire  + . .     SeeInvis .       - Unarmed
rCold  + . .     Clarity  .     b - +0 animal skin
rNeg   . . .     rCorr    +     (shield restricted)
rPois  +         rRot     .     (helmet restricted)
rElec  +         Spirit   .     (no cloak)
SustAb .         Warding  .     (gloves unavailable)
rMut   .         Stasis   .     (boots unavailable)
Gourm  +                        (no amulet)
MR     .....                    (no ring)
                                (no ring)

@: lethally poisoned, exhausted, resistant, slowed, very slow, not resistant to
hostile enchantments, very unstealthy
A: unfitting armour, claws 3, fast metabolism 3, gourmand, regeneration 2,
saprovore 2, shaggy fur 1, tough skin 2
a: Burn Spellbooks, Berserk, Trog's Hand, Renounce Religion


You were on level 7 of the Dungeon.
You worshipped Trog.
Trog was most pleased with you.
You were hungry.

You visited 1 branch of the dungeon, and saw 7 of its levels.

You collected 70 gold pieces.

Inventory:

Hand weapons
 j - a +1 arbalest of flaming
 l - a +0 blowgun
Missiles
 m - 15 poisoned needles
Armour
 b - a +0 animal skin (worn)
Magical devices
 k - a wand of cold (6) {unknown}
Comestibles
 a - a meat ration
Scrolls
 c - a scroll of teleportation
 d - 4 scrolls of identify {unknown}
 e - a scroll of remove curse {unknown}
 i - 2 scrolls of immolation {unknown}
Jewellery
 g - an uncursed amulet of resist corrosion {unknown}
 h - an uncursed ring of stealth {unknown}
Potions
 f - a potion of heal wounds
 o - a potion of agility {unknown}
 p - a potion of confusion {unknown}
 r - a potion of berserk rage {unknown}
 s - a potion of cancellation {unknown}


   Skills:
 + Level 3.6 Fighting
 + Level 4.3 Dodging
 + Level 0.2 Stealth
 + Level 5.0 Unarmed Combat


You had 5 spell levels left.
You didn't know any spells.

Dungeon Overview and Level Annotations

Branches:
Dungeon (7/15)
 Temple: D:4-7

Altars:
Elyvilon

Portals:
Sewer: D:3


Innate Abilities, Weirdness & Mutations

You are too large for most types of armour.
You have claws for hands.
Your metabolism is lightning-fast.
You like to eat raw meat.
You heal very quickly.
You can eat rotten meat.
You are covered in fur (AC +1).
You have very tough skin (AC +2).


Message History

The killer bee stings you but does no damage.
The killer bee stings you. x2
Drink which item? (? for menu, Esc to quit)
You feel protected.
It was a potion of resistance.
You feel sick.
The killer bee stings you but does no damage.
The killer bee closely misses you. x2
You closely miss the killer bee.
You feel sick.
The killer bee stings you but does no damage.
The killer bee barely misses you.
You closely miss the killer bee.
You feel sick. The killer bee stings you!
* * * LOW HITPOINT WARNING * * *
The killer bee stings you but does no damage.
The killer bee closely misses you.
You scratch the killer bee.
The killer bee is moderately wounded.
You feel sick. The killer bee misses you. The killer bee stings you.
* * * LOW HITPOINT WARNING * * *
The killer bee stings you.
You die...

###### ....
..>...###....#
................
.................
..................
...................
.!.................
.......y............
#+#####@..###....#
.####+##...###'#####
#'##
....................+
.#
........))..........#
........<[..........#
#...##...##(##...####
# ###+##(####+#
#.).....# +.(.....#


You could see a killer bee.

Vanquished Creatures
  A centaur (D:7)
  2 killer bees (D:7)
  A hound (D:6)
  An iguana (D:4)
  2 orc wizards
  5 adders
  A giant mite (D:1)
  A giant gecko (D:3)
  7 orcs
  2 ball pythons (D:3)
  4 bats
  5 giant cockroaches
  3 goblins
  2 hobgoblins
  3 kobolds
  5 giant newts
  4 quokkas
49 creatures vanquished.

Notes
Turn   | Place    | Note
--------------------------------------------------------------
     0 | D:1      | ztt, the Troll Berserker, began the quest for the Orb.
     0 | D:1      | Reached XP level 1. HP: 22/22 MP: 1/1
    55 | D:1      | Reached XP level 2. HP: 21/29 MP: 1/1
   212 | D:3      | Found a glowing drain.
   222 | D:3      | Reached XP level 3. HP: 28/36 MP: 2/2
   237 | D:3      | Acquired Trog's second power
   365 | D:4      | Reached XP level 4. HP: 36/44 MP: 2/2
   429 | D:4      | Reached skill level 4 in Unarmed Combat
   434 | D:4      | HP: 2/67 [iguana (13)]
   512 | D:5      | Entered Level 5 of the Dungeon
   528 | D:5      | Found a white marble altar of Elyvilon.
   650 | D:7      | Noticed a centaur
   653 | D:7      | Reached XP level 5. HP: 43/53 MP: 2/2
   660 | D:7      | Killed a centaur
   744 | D:7      | Reached XP level 6. HP: 27/61 MP: 3/3
   844 | D:7      | Reached skill level 5 in Unarmed Combat
   878 | D:7      | HP: 2/61 [killer bee (4)]
   878 | D:7      | Slain by a killer bee

Action                   |  1- 3 |  4- 6 || total
-------------------------+-------+-------++-------
Melee: Unarmed           |    76 |    80 ||   156
Invok: Berserk           |       |     2 ||     2
  Use: Scroll            |       |     1 ||     1
       Potion            |       |     2 ||     2
  Eat: Meat ration       |       |     1 ||     1
       Pizza             |       |     1 ||     1
